 Dungeon Crawl Stone Soup version 0.27-a0-1105-g946c659c87 (webtiles) character file.

Game seed: 5054763303983438319

6 tsouns the Sneak (level 1, 0/18 HPs)
             Began as a Demonspawn Delver on Apr 29, 2021.
             Slain by a hobgoblin (3 damage)
             ... on level 1 of the Dungeon.
             The game lasted 00:00:45 (422 turns).

tsouns the Sneak (Demonspawn Delver)                 Turns: 422, Time: 00:00:46

Health: 0/18       AC:  3    Str: 12    XL:     1   Next: 75%
Magic:  1/1        EV: 11    Int: 11    God:
Gold:   0          SH:  0    Dex: 14    Spells: 0/0 levels left

rFire    . . .     SeeInvis .   a - +0 falchion
rCold    . . .     Faith    .   (no shield)
rNeg     . . .     Spirit   .   b - +0 leather armour
rPois    .         Reflect  .   (no helmet)
rElec    .         Harm     .   (no cloak)
rCorr    .         Rampage  .   (no gloves)
Will     .....                  (no boots)
Stlth    ++........             (no amulet)
HPRegen  0.06/turn              (no ring)
MPRegen  0.07/turn              (no ring)

@: no status effects
A: no striking features
a: no special abilities


You were on level 1 of the Dungeon.
You visited 1 branch of the dungeon, and saw 5 of its levels.

Inventory:

Hand Weapons
 a - a +0 falchion (weapon)
Armour
 b - a +0 leather armour (worn)
Wands
 g - a wand of digging (3)
Scrolls
 c - a scroll of fog
 d - a scroll of magic mapping
 e - a scroll of fear
Potions
 f - a potion of resistance {unknown}


   Skills:
 + Level 3.2 Fighting
 + Level 2.1 Long Blades
 - Level 1.7 Dodging
 - Level 4.5 Stealth


You couldn't memorise any spells.
You didn't know any spells.
Your spell library was empty.

Dungeon Overview and Level Annotations

Branches:
Dungeon (5/15)
 Temple: D:4-7

Altars:


Message History

The goblin shouts!
You hear a shout!
The goblin hits you but does no damage. The kobold barely misses you.
You hit the goblin.
The goblin is severely wounded.
The goblin hits you with a +0 dagger.
The kobold hits you with a +0 short sword.
You closely miss the kobold. The goblin barely misses you.
You riposte.
You completely miss the goblin.
The goblin is severely wounded.
The kobold hits you with a +0 short sword.
You closely miss the kobold. The goblin barely misses you.
The kobold misses you.
You riposte.
You hit the kobold.
You kill the kobold!
The goblin hits you but does no damage.
Your Long Blades skill increases to level 2!
The goblin hits you but does no damage.
Things that are here:
a +0 short sword; 5 stones You completely miss the goblin.
The goblin is severely wounded.
The goblin hits you with a +0 dagger.
You miss the goblin.
The goblin is severely wounded.
The goblin hits you but does no damage.
You hit the goblin but do no damage.
The goblin is severely wounded.
The hobgoblin closely misses you.
You riposte.
You hit the hobgoblin but do no damage. The goblin hits you with a +0 dagger.
The goblin barely misses you.
You hit the goblin.
You kill the goblin!
You hit the hobgoblin.
The hobgoblin is lightly wounded.
The hobgoblin barely misses you.
You closely miss the hobgoblin.
The hobgoblin is lightly wounded.
The hobgoblin hits you.
* * * LOW HITPOINT WARNING * * *
The hobgoblin hits you.
You die...

#.......#
#..8.8..
#.......
#.....
#$....
#.8.###
##...#@#
#...)g.#
#.##......#
........#.#
#.#####>#.#
# #+#+#


You could see a hobgoblin.

Vanquished Creatures
  A goblin (D:1)
  A hobgoblin (D:2)
  A kobold (D:1)
  A quokka (D:2)
  A ball python (D:2)
5 creatures vanquished.

Notes
Turn   | Place    | Note
-------+----------+-------------------------------------------
     0 | D:5      | tsouns the Demonspawn Delver began the quest for the Orb.
     0 | D:5      | Reached XP level 1. HP: 18/18 MP: 1/1
    29 | D:4      | Noticed an iguana
    30 | D:4      | Noticed a killer bee
    31 | D:4      | Noticed a killer bee
   422 | D:1      | Slain by a hobgoblin

Illustrated notes

Levels and vault maps discovered:
D:1:      dpeg_arrival_shrine, layout_basic,
          hellmonk_ecumenical_altar_prayer_group
D:2:      minmay_chambers_of_ones, layout_basic, chequers_serial_rivers_small_a,
          roderic_lattice_a
D:3:      kennysheep_goblin_castle, layout_loops_ring, tso_oasis_becter,
          serial_shops, shop, minmay_misc_feat_five
D:4:      layout_rooms, sigmund_edmund_badplayer, uniq_eustachio, uniq_grinder,
          uniq_sigmund
D:5:      layout_gridville, lemuel_crystal_altar,
          minmay_temple_entry_butterflies

Skill      XL: |  1 |
---------------+----+-----
Long Blades    | 2 |  2.1
Fighting       | |  3.2
Dodging        | |  1.7
Stealth        | |  4.5

Action                   || total
-------------------------++-------
Melee: Falchion          ||    27
  Use: Potion            ||     1
 Stab: Sleeping          ||     2
Armor: Leather armour    ||    10
Dodge: Dodged            ||    31
       Rpst.: Falchion   ||     9

Table legend: (Time is in decaauts)
 A = Elapsed time spent in this place.
 B = Non-inter-level travel time spent in this place.
 C = Inter-level travel time spent in this place.
 D = Time resting spent in this place.
 E = Time spent auto-exploring this place.
 F = Levels seen in this place.
 G = Mean time per level.
                   A        B        C        D        E       F      G
               +--------+--------+--------+--------+--------+-----+--------+
         Total |    410 |    409 |      1 |      0 |    320 |   5 |   82.0 |
       Dungeon |    410 |    409 |      1 |      0 |    320 |   5 |   82.0 |
               +--------+--------+--------+--------+--------+-----+--------+

Top non-repeatable levels by time:
     D:2: 342 daAuts
     D:5: 29 daAuts
     D:1: 24 daAuts
     D:3: 11 daAuts
     D:4: 3 daAuts
